Map: Solaris LE

Players

RockSpider

  • Race: Zerg Zerg
  • League: Diamond
  • Spawn Location: 1:00

Trombiolo - Winner!

  • Race: Zerg Zerg
  • League: Diamond
  • Spawn Location: 7:00

VOD

Have the link to the VOD?

Description

Time

  • Played on: Nov. 23, 2023, 3:14 p.m.
  • Length: 5:44
Show
View Real Time Build Order
Export as new Build Order

RockSpider Zerg 

Build Orders: Hatch First 

Get SALT Encoding   

  12  0:01  Drone  
  13  0:13  Overlord  
  13  0:17  Drone  
  14  0:31  Drone x2  
  14  0:35  Drone  
  17  0:55  Drone, Hatchery  
  17  1:09  Spawning Pool  
  16  1:11  Drone  
  16  1:15  Drone  
  18  1:22  Overlord  
  18  1:29  Extractor  
  17  1:34  Drone  
  18  1:41  Drone  
  19  1:56  Queen  
  19  1:58  Drone  
  22  2:08  Spine Crawler  
  22  2:10  Spine Crawler  
  22  2:12  Zergling x2  
  22  2:15  Zergling x4, Spine Crawler  
  22  2:20  Zergling x2  
  24  2:30  Zergling x4  
  24  2:33  Zergling x2  
  27  2:42  Zergling x2  
  28  2:54  Metabolic Boost  
  27  3:06  Queen  
  28  3:17  Zergling x2  
  28  3:18  Zergling x4  
  25  3:23  Zergling x2  
  25  3:24  Zergling x4  
  28  3:34  Zergling x2  
  29  3:38  Evolution Chamber  
  29  3:40  Evolution Chamber  
  27  3:46  Zergling x2  
  21  4:05  Zergling x2  
  21  4:06  Zergling x2  
  22  4:15  Zergling x2  
  22  4:16  Zergling x4  
  25  4:27  Zergling x2  
  26  4:45  Zergling x8  
  25  4:53  Zergling x2  
  26  5:03  Zergling x2  
  27  5:09  Hatchery  
  26  5:26  Zergling x6  
Show
View Real Time Build Order
Export as new Build Order

Trombiolo Zerg - Winner!

Build Orders: 1 Base Baneling Bust, Pool First, Zergling Baneling 

Get SALT Encoding   

  12  0:00  Drone  
  13  0:09  Drone  
  14  0:17  Extractor  
  14  0:18  Drone  
  14  0:34  Spawning Pool  
  13  0:47  Overlord  
  13  0:55  Drone  
  14  1:20  Zergling x6  
  17  1:26  Metabolic Boost  
  17  1:32  Zergling x2  
  18  1:43  Zergling x2  
  19  1:52  Baneling Nest  
  18  1:55  Zergling x2  
  19  2:06  Zergling x2  
  20  2:17  Hatchery  
  20  2:19  Zergling x2  
  20  2:29  Zergling x2  
  21  2:42  Zergling x2  
  21  2:57  Baneling x4  
  21  2:58  Zergling x2, Baneling  
  22  3:01  Overlord  
  19  3:25  Zergling x4  
  20  3:27  Baneling  
  20  3:28  Baneling x4  
  20  3:33  Zergling x2  
  21  3:37  Zergling x2  
  22  3:43  Zergling x2  
  24  3:48  Zergling x2  
  19  4:13  Drone x4  
  23  4:17  Baneling x2  
  23  4:22  Baneling  
  23  4:33  Drone x2  
  23  4:34  Drone  
  26  4:44  Zergling x4  
  28  4:52  Drone x2  
  28  4:55  Drone  
  28  4:58  Drone  
  30  5:06  Baneling  
  30  5:09  Baneling  
  30  5:10  Baneling  
  30  5:11  Zergling x6  
  33  5:19  Baneling x2  
  33  5:20  Baneling  
  33  5:22  Drone x2  
Tags
 
Add a new tag
Caveats
  • Supply blocks, unpowered buildings, or Contaminate may cause inaccurate times.
  • Supply counts are checked every 10 seconds.